 Dungeon Crawl Stone Soup version 0.32-a0-799-g95e1662365 (webtiles) character file.

Game seed: 10975613334779873405

1158 zenocrate the Digger (level 7, 0/59 HPs)
             Began as a Demigod Earth Elementalist on Mar 21, 2024.
             Slain by an ufetubus (4 damage)
             ... on level 6 of the Dungeon.
             The game lasted 00:07:42 (5869 turns).

zenocrate the Digger (Demigod Earth Elementalist)   Turns: 5869, Time: 00:07:43

Health: 0/59       AC:  4    Str:  9    XL:     7   Next: 95%
Magic:  2/16       EV: 11    Int: 25    God:
Gold:   305        SH:  0    Dex: 14    Spells: 6/14 levels left

rFire   . . .        a - +1 short sword
rCold   . . .        (no shield)
rNeg    . . .        b - +0 robe
rPois   .            (no helmet)
rElec   .            B - scarf {repulsion}
rCorr   .            j - +1 pair of gloves
SInv    .            (no boots)
Will    .....        (no amulet)
Stlth   ++           (no ring)
HPRegen 0.29/turn    (no ring)
MPRegen 0.15/turn

%: repel missiles, clarity
@: hasted, very quick
A: high MP 1, forlorn, divine attributes, clarity, inability to read after
injury 1
a: no special abilities


You were on level 6 of the Dungeon.
You visited 1 branch of the dungeon, and saw 6 of its levels.

You collected 305 gold pieces.

Inventory:

Hand Weapons
 a - a +1 short sword (weapon)
 w - a +2 falchion of holy wrath
 x - a +0 rapier
Armour
 b - a +0 robe (worn)
 j - a +1 pair of gloves (worn)
 l - a +2 ring mail of fire resistance
 v - the +1 ring mail of Fuewk {rN+ Str-4 Dex+4 SInv}
   (You found it on level 4 of the Dungeon)

   Str-4:     It affects your strength (-4).
   Dex+4:     It affects your dexterity (+4).
   rN+:       It protects you from negative energy.
   SInv:      It lets you see invisible.
 B - a scarf of repulsion (worn)
Jewellery
 s - a ring of ice
Wands
 i - a wand of flame (13)
Scrolls
 e - 2 scrolls of teleportation {unknown}
 f - a scroll of fog {unknown}
 h - 2 scrolls of enchant armour
 k - a scroll of poison {unknown}
 n - a scroll of vulnerability {unknown}
 p - a scroll of noise {unknown}
 t - 2 scrolls of enchant weapon
 u - a scroll of immolation {unknown}
 y - a scroll of blinking {unknown}
Potions
 d - a potion of enlightenment
 o - a potion of resistance
 q - a potion of haste
 r - a potion of mutation
 z - a potion of attraction {unknown}
 A - a potion of cancellation {unknown}


   Skills:
 + Level 4.0 Fighting
 - Level 1.7 Dodging
 - Level 1.7 Stealth
 + Level 4.4 Spellcasting
 + Level 4.3 Conjurations
 + Level 5.2 Earth Magic


You had 6 spell levels left.
You knew the following spells:

 Your Spells              Type           Power      Damage    Failure   Level
a - Stone Arrow           Conj/Erth      58%        3d10      3%          3
b - Petrify               Alch/Erth      18%        N/A       30%         4
c - Sandblast             Erth           62%        2d14      1%          1

Your spell library contained the following spells:

 Spells                   Type           Power      Damage    Failure   Level
 Passwall                 Erth           31%        N/A       3%          3
 Brom's Barrelling Bould  Conj/Erth      29%        2d5       12%         4
 Mephitic Cloud           Conj/Alch/Air  12%        N/A       14%         3
 Gell's Gravitas          Tloc           5%         N/A       26%         3
 Teleport Other           Tloc           5%         N/A       26%         3
 Iskenderun's Battlesphe  Conj           27%        2d8       38%         5
 Irradiate                Conj/Alch      8%         3d14      69%         5
 Dispersal                Tloc           2%         N/A       100%        6


Dungeon Overview and Level Annotations

Branches:
Dungeon (6/15)
 Temple: D:4-7

Shops:
D:3 (


Innate Abilities, Weirdness & Mutations

You have an increased reservoir of magic. (+10% MP)
You shall have no god before yourself.
Your divine heritage dramatically boosts your attributes as you level up.
You possess an exceptional clarity of mind.
You occasionally lose the ability to read scrolls when taking damage.


Message History

The killer bee closely misses you. The ufetubus hits you.
The ufetubus closely misses you. The killer bee stings you.
* * * LOW HITPOINT WARNING * * *
The ufetubus barely misses you. The ufetubus closely misses you.
Unknown command.
You hit the killer bee.
The killer bee is almost dead.
The killer bee completely misses you. The killer bee closely misses you.
The ufetubus hits you.
* * * LOW HITPOINT WARNING * * *
The ufetubus closely misses you.
Unknown command.
You hit the killer bee.
You kill the killer bee!
The ufetubus barely misses you. x2; The ufetubus closely misses you.
The ufetubus misses you. The ufetubus barely misses you. The ufetubus hits you.
* * * LOW HITPOINT WARNING * * *
The ufetubus hits you.
* * * LOW HITPOINT WARNING * * *
The ufetubus hits you.
* * * LOW HITPOINT WARNING * * *
Unknown command.
Unknown command.
Okay, then.
Aiming: Throw Flame
Press: ? - help, Shift-Dir - straight line, f - ufetubus
Aim: an ufetubus (48% to hit)
The puff of flame hits the ufetubus.
The ufetubus is burned terribly!
The ufetubus is moderately wounded.
The ufetubus hits you but does no damage.
The ufetubus closely misses you. The ufetubus hits you.
* * * LOW HITPOINT WARNING * * *
The ufetubus hits you but does no damage.
Unknown command.
Unknown command.
You feel yourself speed up. The ufetubus closely misses you.
The ufetubus barely misses you.
The ufetubus hits you but does no damage.
The ufetubus hits you.
You die...

#######.####...........
#.........#........
#.#.#.#####........
#..#...†##...#.!....
#..###...##.....###..
#..# #.......#### .
...! #...##### ....
#.5.# .... ###@## #(5##
##..# ..#### ##.#
#.....### #.#
#..<###.####
###........#
#.............#
...............#


You could see 2 ufetubi.

Vanquished Creatures
  Eustachio (D:5)
  A weeping skull (D:4)
  A bullfrog (D:6)
  2 scorpions (D:5)
  4 killer bees (D:6)
  A howler monkey (D:4)
  2 hounds (D:5)
  A bombardier beetle (D:4)
  2 jellies
  2 sleepcaps (D:5)
  2 iguanas (D:5)
  Ijyb (D:3)
  Natasha (twice) (D:3)
  An orc wizard (D:5)
  11 adders
  3 white imps (D:5)
  3 dart slugs
  3 orcs (D:5)
  7 bats
  A bat zombie (D:3)
  6 endoplasms
  4 giant cockroaches
  3 goblins
  7 hobgoblins
  4 jackals (D:1)
  5 quokkas (D:2)
  7 ball pythons
  3 frilled lizards
  2 frilled lizard zombies (D:3)
  9 kobolds
  5 rats
  A spectral orc (D:4)
107 creatures vanquished.

Notes
Turn   | Place    | Note
-------+----------+-------------------------------------------
     0 | D:1      | zenocrate the Demigod Earth Elementalist began the quest
                  | for the Orb.
     0 | D:1      | Reached XP level 1. HP: 14/14 MP: 5/5
    39 | D:1      | Reached skill level 1 in Conjurations
   256 | D:1      | Reached XP level 2. HP: 16/20 MP: 5/7
   310 | D:1      | Reached skill level 3 in Earth Magic
   612 | D:1      | Reached XP level 3. HP: 26/27 MP: 5/9
   616 | D:1      | Learned a level 3 spell: Stone Arrow
  1306 | D:2      | Reached skill level 1 in Fighting
  1306 | D:2      | Reached XP level 4. HP: 32/35 MP: 6/10
  2152 | D:3      | Noticed Ijyb
  2173 | D:3      | Gained mutation: You occasionally lose the ability to read
                  | scrolls when taking damage. [potion of mutation]
  2173 | D:3      | Gained mutation: You possess an exceptional clarity of
                  | mind. [potion of mutation]
  2186 | D:3      | Killed Ijyb
  2187 | D:3      | Reached XP level 5. HP: 30/41 MP: 4/12
  2321 | D:3      | Noticed Natasha
  2332 | D:3      | Killed Natasha
  2929 | D:3      | Found Kasurol's Antique Weapon Boutique.
  2975 | D:3      | Noticed Natasha
  2980 | D:3      | Killed Natasha
  3542 | D:4      | Reached skill level 4 in Earth Magic
  3542 | D:4      | Reached XP level 6. HP: 49/49 MP: 3/13
  3956 | D:4      | Identified the +1 ring mail of Fuewk {rN+ Str-4 Dex+4 SInv}
  4133 | D:5      | Entered Level 5 of the Dungeon
  4203 | D:5      | Noticed Eustachio
  4254 | D:5      | Killed Eustachio
  4611 | D:5      | Reached XP level 7. HP: 57/57 MP: 8/15
  4752 | D:5      | Noticed a two-headed ogre
  4974 | D:5      | Learned a level 4 spell: Petrify
  5165 | D:5      | Got Cemevvir's Folio of Striking and Exhalation
  5784 | D:6      | Reached skill level 5 in Earth Magic
  5869 | D:6      | Slain by an ufetubus

Illustrated notes

Levels and vault maps discovered:
D:1:      dpeg_arrival_orchard, layout_basic
D:2:      layout_basic, serial_corexii_hall, corexii_hall_statues_t,
          corexii_hall_statues_s, grunt_ministairs_2
D:3:      layout_loops_ring, lemuel_zombie_altar_kikubaaqudgha, serial_shops,
          nicolae_lakefront_shop, minmay_door_square, uniq_natasha, uniq_ijyb
D:4:      layout_basic, yredelemnul_forgotten_temple_becter,
          mainiacjoe_overflow_tiny_flanked
D:5:      layout_loops_ring, nicolae_dithmenos_shadow_blocks,
          kennysheep_cross_bottleneck, lightli_corner_chamber, uniq_eustachio
D:6:      layout_rooms

Skill      XL: |  1  2  3  4  5  6  7 |
---------------+----------------------+-----
Conjurations   | 1 2 3 4 |  4.3
Spellcasting   | 2 3 4 |  4.4
Earth Magic    | 3 4 5 |  5.2
Fighting       | 1 2 3 4 |  4.0
Dodging        | |  1.7
Stealth        | |  1.7

Action                     |  1- 3 |  4- 6 |  7- 9 || total
---------------------------+-------+-------+-------++-------
  Melee: Short sword       |    61 |   115 |    24 ||   200
         Unarmed           |     1 |       |       ||     1
   Cast: Sandblast         |    45 |    25 |       ||    70
         Stone Arrow       |       |    39 |    33 ||    72
  Evoke: Wand              |       |       |     1 ||     1
    Use: Potion            |       |     4 |     3 ||     7
         Scroll            |       |     7 |     3 ||    10
   Stab: Sleeping          |     6 |     2 |       ||     8
 Armour: Robe              |    51 |    83 |    65 ||   199
         Ring mail         |     8 |    58 |       ||    66
  Dodge: Dodged            |    58 |   131 |    70 ||   259

Table legend: (Time is in decaauts)
 A = Elapsed time spent in this place.
 B = Non-inter-level travel time spent in this place.
 C = Inter-level travel time spent in this place.
 D = Time resting spent in this place.
 E = Time spent auto-exploring this place.
 F = Levels seen in this place.
 G = Mean time per level.
                   A        B        C        D        E       F      G
               +--------+--------+--------+--------+--------+-----+--------+
         Total |   5909 |   5659 |    250 |      0 |   4741 |   6 |  984.8 |
       Dungeon |   5909 |   5659 |    250 |      0 |   4741 |   6 |  984.8 |
               +--------+--------+--------+--------+--------+-----+--------+

Top non-repeatable levels by time:
     D:5: 1628 daAuts
     D:3: 1254 daAuts
     D:1: 1088 daAuts
     D:4: 1071 daAuts
     D:2: 759 daAuts
     D:6: 107 daAuts
